 Dungeon Crawl Stone Soup version 0.23.2-33-g5129a83184 (webtiles) character file.

Game seed: 3020232362945442658

1383 H0rd4k the Thaumaturge (level 8, 0/41 HPs)
             Began as a Deep Elf Wizard on July 3, 2019.
             Was a Follower of Sif Muna.
             Slain by a worker ant zombie (3 damage)
             ... on level 6 of the Dungeon.
             The game lasted 00:14:11 (5782 turns).

H0rd4k the Thaumaturge (Deep Elf Wizard)            Turns: 5782, Time: 00:14:12

Health: 0/41       AC:  7    Str:  4    XL:     8   Next: 40%
Magic:  9/24       EV: 13    Int: 26    God:    Sif Muna [*.....]
Gold:   369        SH:  0    Dex: 13    Spells: 21/27 levels left

rFire    . . .     SeeInvis .   (no weapon)
rCold    . . .     Gourm    .   (no shield)
rNeg     . . .     Faith    .   j - +2 robe {Archmagi}
rPois    .         Spirit   .   b - +0 hat
rElec    .         Reflect  .   C - +2 cloak
rCorr    .         Harm     .   (no gloves)
MR       .....                  (no boots)
Stlth    +++.......             (no amulet)
HPRegen  0.13/turn              (no ring)
MPRegen  0.19/turn              (no ring)

@: no status effects
A: no striking features
a: Divine Energy, Renounce Religion


You were on level 6 of the Dungeon.
You worshipped Sif Muna.
Sif Muna was aware of your devotion.
You were not hungry.

You visited 2 branches of the dungeon, and saw 7 of its levels.
You also visited: Sewer.

You collected 369 gold pieces.

Inventory:

Hand Weapons
 m - a +0 short sword of flaming
 q - a +0 blowgun
 y - a +1 dagger of draining
Missiles
 p - 7 tomahawks (quivered)
 r - 53 poisoned needles
Armour
 b - a +0 hat (worn)
 j - a +2 robe of the Archmagi (worn)
 C - a +2 cloak (worn)
Jewellery
 f - an uncursed ring of flight {unknown}
 x - a +4 amulet of reflection {unknown}
Scrolls
 c - a scroll of fear {unknown}
 h - 6 scrolls of identify {unknown}
 k - 8 scrolls of teleportation {unknown}
 n - 4 scrolls of remove curse {unknown}
 v - 2 scrolls of blinking {unknown}
 w - a scroll of enchant weapon {unknown}
 z - 2 scrolls of immolation {unknown}
Potions
 e - 4 potions of resistance {unknown}
 g - 2 potions of cancellation {unknown}
 i - a potion of agility {unknown}
 l - a potion of haste {unknown}
 o - 3 potions of curing {unknown}
 s - 3 potions of mutation {unknown}
 t - a potion of degeneration {unknown}
 A - a potion of heal wounds {unknown}
 B - 2 potions of magic {unknown}
Miscellaneous
 u - a lightning rod (2/4)
Comestibles
 a - a chunk of flesh
 d - 9 rations


   Skills:
 + Level 3.1 Dodging
 + Level 4.7 Stealth
 + Level 10.3 Spellcasting
 + Level 6.4 Conjurations
   Level 1.1 Summonings
 + Level 2.6 Translocations
 + Level 1.2 Fire Magic
 + Level 0.1 Evocations


You had 21 spell levels left.
You knew the following spells:

 Your Spells              Type           Power        Failure   Level  Hunger
a - Magic Dart            Conj           ####         1%          1    None
b - Blink                 Tloc           N/A          2%          2    None
c - Conjure Flame         Conj/Fire      ######..     2%          3    None

Your spell library contained the following spells:

 Spells                   Type           Power        Failure   Level  Hunger
 Call Imp                 Summ           ####....     4%          2    None
 Mephitic Cloud           Conj/Pois/Air  #####...     5%          3    None
 Slow                     Hex            ###.....     7%          2    None


Dungeon Overview and Level Annotations

Branches:
Dungeon (6/15)             Temple (1/1) D:5

Altars:
Ashenzari
Cheibriados
Dithmenos
Elyvilon
Fedhas
Gozag
Hepliaklqana
Kikubaaqudgha
Makhleb
Nemelex Xobeh
Okawaru
Qazlal
Ru
Sif Muna
Trog
Uskayaw
Vehumet
Wu Jian
Xom
Yredelemnul
Zin
The Shining One

Annotations:
D:4 exclusion: 2 downstairs
D:5 1 runed translucent door, Pikel; sour's ghost, novice BaIE
D:6 exclusion: upstairs


Message History

Confirm with . or Enter, or press ? or * to list all spells.
Aiming: Magic Dart (safe; 1% risk of failure)
Press: ? - help, Shift-Dir - straight line, f - worker ant zombie
Aim: a worker ant zombie (flame, lightly damaged)
You feel a surge of power!
The magic dart hits the worker ant zombie.
The worker ant zombie is moderately damaged.
The worker ant zombie is engulfed in blazing flames.
The worker ant zombie barely misses you.
Casting: Magic Dart (safe; 1% risk of failure)
Confirm with . or Enter, or press ? or * to list all spells.
Aiming: Magic Dart (safe; 1% risk of failure)
Press: ? - help, Shift-Dir - straight line, f/p - worker ant zombie
Aim: a worker ant zombie (flame, heavily damaged)
You feel a surge of power!
The magic dart hits the worker ant zombie but does no damage.
The worker ant zombie is heavily damaged.
The worker ant zombie is engulfed in blazing flames.
The worker ant zombie bites you.
You die...

#.........[........
#..............^...
#......#####.......
##.......###........
#.........##.......#
#.........##.#.....#
#............##...##
#...........#######
#.(@Z.......#
##......(...#
#.........##
#.....()#.#
##.....#)##
#....##.# ##..###c#
#>###(## ### #c#


You could see a worker ant zombie.

Vanquished Creatures
  Menkaure (D:5)
  2 sky beasts (D:5)
  Purgy (Sewer)
  An ogre (D:4)
  2 phantoms (D:5)
  2 centaurs
  2 bullfrogs
  2 orc wizards
  A bullfrog skeleton (D:4)
  An orc priest (D:4)
  An iguana (D:6)
  2 worker ants
  Robin (D:4)
  2 hound skeletons
  14 adders
  An adder skeleton (D:4)
  2 worms
  3 leopard geckos
  8 orcs
  3 ball pythons
  5 giant cockroaches
  14 goblins
  9 hobgoblins
  6 jackals
  8 kobolds
  A quokka (D:5)
  4 bats
  5 frilled lizards
  A quokka skeleton (D:5)
  7 rats
112 creatures vanquished.

Notes
Turn   | Place    | Note
-------+----------+-------------------------------------------
     0 | D:1      | H0rd4k the Deep Elf Wizard began the quest for the Orb.
     0 | D:1      | Reached XP level 1. HP: 10/10 MP: 7/7
   782 | D:2      | Reached skill level 5 in Spellcasting
   782 | D:2      | Reached XP level 2. HP: 15/15 MP: 3/10
   848 | D:2      | Found an opulent altar of Gozag.
   904 | D:2      | Reached XP level 3. HP: 19/19 MP: 6/12
  1238 | D:2      | Reached skill level 6 in Spellcasting
  1621 | D:3      | Found a glowing drain.
  1636 | D:3      | Learned a level 2 spell: Blink
  1640 | D:3      | Learned a level 3 spell: Conjure Flame
  1687 | D:3      | Reached XP level 4. HP: 22/24 MP: 2/14
  1844 | Sewer    | Entered a sewer
  2010 | Sewer    | Noticed Purgy
  2036 | Sewer    | Killed Purgy
  2036 | Sewer    | Reached XP level 5. HP: 28/28 MP: 3/16
  2214 | D:3      | Found a white marble altar of Elyvilon.
  2373 | D:3      | Reached skill level 7 in Spellcasting
  2710 | D:3      | Found a hazy altar of Hepliaklqana.
  2915 | D:4      | Noticed an ogre
  2924 | D:4      | Killed an ogre
  2924 | D:4      | Reached XP level 6. HP: 32/32 MP: 7/18
  3054 | D:4      | Found a sparkling altar of Nemelex Xobeh.
  3190 | D:4      | Reached skill level 8 in Spellcasting
  3734 | D:4      | Noticed Robin
  3740 | D:4      | Killed Robin
  3745 | D:4      | Reached XP level 7. HP: 36/36 MP: 11/20
  3976 | D:5      | Entered Level 5 of the Dungeon
  4034 | D:5      | Noticed Pikel
  4240 | D:5      | Noticed Menkaure
  4252 | D:5      | Killed Menkaure
  4260 | D:5      | Found a staircase to the Ecumenical Temple.
  4271 | Temple   | Entered the Ecumenical Temple
  4280 | Temple   | Became a worshipper of Sif Muna the Loreminder
  4500 | D:5      | Reached skill level 9 in Spellcasting
  4562 | D:5      | HP: 1/36 [something (5)]
  4579 | D:5      | Found a runed translucent door.
  4737 | D:5      | Reached skill level 5 in Conjurations
  4892 | D:5      | Reached skill level 1 in Fire Magic
  4990 | D:5      | Noticed sour's ghost (novice BaIE)
  5074 | D:5      | Reached XP level 8. HP: 41/41 MP: 11/23
  5136 | D:5      | Reached skill level 10 in Spellcasting
  5283 | D:5      | Found a runed translucent door.
  5294 | D:5      | Reached * piety under Sif Muna
  5782 | D:6      | Slain by a worker ant zombie

Skill      XL: |  1  2  3  4  5  6  7  8 |
---------------+-------------------------+-----
Spellcasting   | 5 6 7 8 9 10 | 10.3
Stealth        | 3 4 |  4.7
Conjurations   | 2 3 4 5 6 |  6.4
Dodging        | 3 |  3.1
Fire Magic     | 1 |  1.2
Translocations | 2 |  2.6
Summonings     | |  1.1
Evocations     | |  0.1

Action                   |  1- 3 |  4- 6 |  7- 9 || total
-------------------------+-------+-------+-------++-------
 Cast: Magic Dart        |    70 |   142 |   148 ||   360
       Conjure Flame     |     1 |     6 |    11 ||    18
       Blink             |       |       |     6 ||     6
Evoke: Lightning rod     |       |       |     3 ||     3
  Eat: Chunk             |     2 |     6 |       ||     8
       Ration            |       |       |     2 ||     2
Armor: Robe              |     8 |     8 |     7 ||    23
Dodge: Dodged            |    13 |    12 |    19 ||    44
